cohdb
Replays
Latest Replays
All Replays
Popular Replays
Top Player Replays
Match Explorer
How It Works
Community
CoH3 Stats
Reddit
Sign in to upload your games and track your stats! →
Sign in with Steam
Match 43787941
Unlisted
Match 43787941
Overview
Messages
Build Orders
End
Kradschützen Motorcycle Team
Panzerpioneer Squad
Selects Italian Infantry
Panzergrenadier Squad
Construct Light Support Kompanie
Panzerjäger Squad
Selects Guastatori Squad
Guastatori Squad
Fire Support Elements
Selects Sound the Alarm
Selects Registered Artillery
Assault Mechanized Group
Selects Sound the Alarm
Registered Artillery
Selects Territory Booby Traps
Registered Artillery
Construct Panzerarmee Kommand
Selects Towed Cannone da 105/28 Field Howitzer
Flak 36 Anti-tank Gun Team
Registered Artillery
Sound the Alarm
Flakvierling Half-track
Towed Cannone da 105/28 Field Howitzer
Selects Propaganda War
Registered Artillery
Vehicle Survival Package
Veteran Squad Leaders
Tungsten Core Ammunition
Advanced Field Repairs
Armored Reserves
Panzer IV Assault Group
Advanced Optics
Alec_i7
Carswell
Tok3n x Operator
TechT0nic
0
0
Comments
sign in to comment!
No comments posted yet!